 Dungeon Crawl Stone Soup version bcrawl-1.12.2 (webtiles) character file.

Game seed: 14164541192922406588

527 Ebbett the Conjurer (level 7, 0/41 HPs)
             Began as a Fairy Conjurer on July 23, 2019.
             Was an Initiate of Gozag.
             Killed from afar by an orc wizard (7 damage)
             ... with a magic dart
             ... on level 4 of the Dungeon.
             The game lasted 00:10:18 (2687 turns).

Ebbett the Conjurer (Fairy Conjurer)                Turns: 2687, Time: 00:10:18

Health: 0/41       AC:  7    Str:  6    XL:     7   Next: 23%
Magic:  18/18      EV: 16    Int: 21    God:    Gozag
Gold:   460        SH: 10    Dex: 12    Spells: 13/18 levels left

rFire    . . .     SeeInvis .   i - +0 flail (protect)
rCold    . . .     Gourm    .   g - +0 buckler
rNeg     . . .     Faith    .   (armour unavailable)
rPois    .         Spirit   .   d - +2 hat
rElec    .         Reflect  .   (no cloak)
rCorr    .         Harm     .   (no gloves)
MR       .....                  (no boots)
Stlth    +.........             (no amulet)
HPRegen  0.13/turn              n - ring of flight
MPRegen  0.16/turn              (no ring)

@: gold aura, flying evasively, very slightly contaminated
A: small, magic attunement, unstealthy, unfitting armour, able to fly, AC/SH +5
a: Stop Flying, Potion Petition, Call Merchant, Bribe Branch, Renounce Religion


You were on level 4 of the Dungeon.
You worshipped Gozag.
Gozag was aware of your devotion.
You were near starving.

You visited 1 branch of the dungeon, and saw 4 of its levels.

You collected 502 gold pieces.
You paid 42 gold pieces to Gozag.

Inventory:

Hand Weapons
 i - a +0 flail of protection (weapon)
Armour
 d - a +2 hat (worn)
 g - a +0 buckler (worn)
 m - a +0 buckler
Jewellery
 j - an uncursed ring of positive energy {unknown}
 n - a ring of flight (left hand)
Scrolls
 c - 3 scrolls of teleportation
 f - a scroll of blinking
 k - a scroll of fog
Potions
 a - a potion of lignification
 e - a potion of might
 h - 3 potions of curing
 l - 3 potions of agility {unknown}
 o - 2 potions of invisibility
 p - a potion of brilliance {unknown}
Comestibles
 b - 4 rations {!d}


   Skills:
 + Level 0.2 Fighting
 + Level 3.4 Dodging
 + Level 2.0 Stealth
 + Level 1.2 Shields
 + Level 0.5 Unarmed Combat
 + Level 6.1 Spellcasting
 + Level 7.7 Conjurations


You had 13 spell levels left.
You knew the following spells:

 Your Spells              Type           Power        Failure   Level  Hunger
a - Magic Dart            Conj           ####         1%          1    None
b - Fulminant Prism       Conj/Hex       ###.......   28%         4    None

Your spell library contained the following spells:

 Spells                   Type           Power        Failure   Level  Hunger
 Searing Ray              Conj           #####.       1%          2    None
 Iskenderun's Mystic Bla  Conj           #####...     1%          3    None
 Irradiate                Conj/Tmut      ###.......   63%         5    None


Dungeon Overview and Level Annotations

Branches:
Dungeon (4/12)
 Temple: D:4-7

Altars:
Dithmenos
Gozag
Kikubaaqudgha
Makhleb
Trog
Uskayaw


Innate Abilities, Weirdness & Mutations

Your spells do not cause hunger and MP costs are reduced by 1.
Your bright wings attract enemies. (Stealth-)
You cannot fit into any form of body armour.
Your shimmering scales are hard and can block incoming attacks. (AC +5, SH +5)
You are small and have problems with some larger weapons.
You can fly continuously.


Message History

Confirm with . or Enter, or press ? or * to list all spells.
Aiming: Magic Dart (safe; 1% risk of failure)
Press: ? - help, Shift-Dir - straight line, f - orc
Aim: an orc, wielding a +0 dagger and wearing a +0 ring mail The magic dart hits the orc.
The orc hits you but does no damage. Something hits you.
* * * LOW HITPOINT WARNING * * *
Casting: Magic Dart (safe; 1% risk of failure)
Confirm with . or Enter, or press ? or * to list all spells.
Aiming: Magic Dart (safe; 1% risk of failure)
Press: ? - help, Shift-Dir - straight line, f/p - orc
Aim: an orc, wielding a +0 dagger and wearing a +0 ring mail The magic dart hits the orc.
The orc is heavily wounded.
The orc barely misses you.
You hear some strange, mumbled words.
A magic dart appears from out of thin air!
The magic dart hits you!
You die...
Your body crumbles into a pile of gold.

# #.#...## ###.##### #
#......# #.......#
###...## #.#.###.#
##.## #.#.# #.# #.#
##.#.# #.# #.# #....#
#.# ##'## #))#####.#
##...## #........#
##.....## #@$.####.#
#.......## #{o......#
#.........####...####.#
+......(..'.......# #.#
#^........####.(..# #.#
##.......## ##...# #.#
##.....## ##..###.#
##...## #......# ##+#
##<#####


You could see an orc.

Vanquished Creatures
  An ice beast (D:4)
  A centaur (D:3)
  A crimson imp (D:4)
  A hound (D:4)
  An orc wizard (D:4)
  An orc priest (D:4)
  2 worker ants
  5 adders
  3 gnolls (D:3)
  2 oozes
  2 worms
  3 dart slugs
  5 leopard geckos
  15 orcs
  2 ball pythons (D:2)
  3 giant cockroaches
  6 goblins
  11 hobgoblins
  2 jackals (D:1)
  6 kobolds
  A quokka (D:2)
  8 bats
  A frilled lizard (D:2)
  3 rats
86 creatures vanquished.

Notes
Turn   | Place    | Note
-------+----------+-------------------------------------------
     0 | D:1      | Ebbett the Fairy Conjurer began the quest for the Orb.
     0 | D:1      | Reached XP level 1. HP: 11/11 MP: 6/6
    15 | D:1      | Reached skill level 5 in Conjurations
    62 | D:1      | Reached XP level 2. HP: 17/17 MP: 7/7
   166 | D:1      | Reached XP level 3. HP: 21/21 MP: 9/9
   498 | D:2      | Reached skill level 6 in Conjurations
   587 | D:2      | Reached XP level 4. HP: 27/27 MP: 10/10
   673 | D:2      | Found an opulent altar of Gozag.
   928 | D:2      | Found an ancient bone altar of Kikubaaqudgha.
   961 | D:2      | Found a hide-covered altar of Uskayaw.
   963 | D:2      | Found a shadowy altar of Dithmenos.
  1205 | D:2      | Became a worshipper of Gozag Ym Sagoz the Greedy
  1553 | D:3      | Reached XP level 5. HP: 31/31 MP: 11/13
  1661 | D:3      | Noticed a centaur
  1667 | D:3      | Killed a centaur
  1667 | D:3      | Reached skill level 5 in Spellcasting
  1667 | D:3      | Reached skill level 7 in Conjurations
  1667 | D:3      | Reached XP level 6. HP: 36/36 MP: 13/15
  1673 | D:3      | Learned a level 4 spell: Fulminant Prism
  2276 | D:4      | Found a bloodstained altar of Trog.
  2333 | D:4      | Found a burning altar of Makhleb.
  2476 | D:4      | Noticed an ice beast
  2488 | D:4      | Killed an ice beast
  2488 | D:4      | Reached skill level 1 in Shields
  2488 | D:4      | Reached XP level 7. HP: 32/41 MP: 17/17
  2687 | D:4      | Killed from afar by an orc wizard

Skill      XL: |  1  2  3  4  5  6  7 |
---------------+----------------------+-----
Conjurations   | 5 6 7 |  7.7
Spellcasting   | 3 4 5 6 |  6.1
Dodging        | 3 |  3.4
Stealth        | 2 |  2.0
Shields        | 1 |  1.2
Fighting       | |  0.2
Unarmed Combat | |  0.5

Action                   |  1- 3 |  4- 6 |  7- 9 || total
-------------------------+-------+-------+-------++-------
Melee: Unarmed           |       |     3 |       ||     3
       Flail             |       |       |     1 ||     1
 Cast: Magic Dart        |    73 |   152 |    45 ||   270
Invok: Potion Petition   |       |     1 |       ||     1
  Use: Scroll            |       |     5 |       ||     5
       Potion            |       |     4 |       ||     4
  Eat: Ration            |       |     1 |       ||     1
Armor: Skin              |     2 |     9 |     7 ||    18
Dodge: Dodged            |     6 |    37 |    10 ||    53
Block: Buckler           |     3 |    26 |    14 ||    43
       Other             |     1 |       |       ||     1
